[Event "CZE-ch FIDE Open 2020"]
[Site "Kouty nad Desnou"]
[Date "2020.03.08"]
[Round "2.9"]
[White "Stastny, Jakub"]
[Black "Lukas, Frantisek"]
[Result "1/2-1/2"]
[ECO "D24"]
[WhiteElo "1917"]
[BlackElo "1852"]
[Annotator "ChessBase"]
[PlyCount "59"]
[EventDate "2020.03.07"]
[EventCountry "CZE"]
[SourceTitle "playchess.com"]
[Source "ChessBase"]
[SourceQuality "1"]
[TimeControl "5400+30"]

1. d4 d5 2. c4 dxc4 3. Nc3 a6 4. a4 Nc6 5. e3 Na5 6. Nf3 Nf6 7. Ne5 Be6 8. Qf3 c6 9. Be2 g6 10. O-O Bg7 11. Rd1 O-O 12. Bd2 Nd7 13. Nxd7 Bxd7 14. Ne4 Nb3 15. Ra3 Nxd2 16. Rxd2 b5 17. Nc5 Qc7 18. Qg3 Qxg3 19. hxg3 Be6 20. Nxe6 fxe6 21. Bf3 Rfc8 22. axb5 axb5 23. Rxa8 Rxa8 24. Bxc6 Ra1+ 25. Kh2 Ra5 26. f4 b4 27. Rc2 Ra2 28. Bb5 c3 29. Bc4 Rxb2 30. Rxb2 1/2-1/2

[Event "CZE-ch FIDE Open 2020"]
[Site "Kouty nad Desnou"]
[Date "2020.03.08"]
[Round "2.10"]
[White "Sochorova, Petra"]
[Black "Hradek, Matyas"]
[Result "1-0"]
[ECO "C44"]
[WhiteElo "2119"]
[BlackElo "1508"]
[Annotator "ChessBase"]
[PlyCount "33"]
[EventDate "2020.03.07"]
[EventCountry "CZE"]
[SourceTitle "playchess.com"]
[Source "ChessBase"]
[SourceQuality "1"]
[TimeControl "5400+30"]

1. e4 e5 2. Nf3 Nc6 3. c3 Nf6 4. d4 Nxe4 5. d5 Ne7 6. Nxe5 d6 7. Bb5+ c6 8. dxc6 bxc6 9. Nxc6 Qb6 10. Nd4+ Bd7 11. Bxd7+ Kxd7 12. O-O Nf6 13. Nd2 d5 14. N2f3 Ke8 15. Qa4+ Nd7 16. Re1 f6 17. Be3 1-0

[Event "CZE-ch FIDE Open 2020"]
[Site "Kouty nad Desnou"]
[Date "2020.03.08"]
[Round "2.11"]
[White "Kosut, Tomas"]
[Black "Kubicek, Antonin"]
[Result "1/2-1/2"]
[ECO "B06"]
[WhiteElo "1878"]
[BlackElo "2113"]
[Annotator "ChessBase"]
[PlyCount "135"]
[EventDate "2020.03.07"]
[EventCountry "CZE"]
[SourceTitle "playchess.com"]
[Source "ChessBase"]
[SourceQuality "1"]
[TimeControl "5400+30"]

1. e4 g6 2. d4 Bg7 3. Nc3 d6 4. Be3 c6 5. Qd2 b5 6. a3 a6 7. Be2 Nd7 8. f4 Nb6 9. b3 Nf6 10. h3 d5 11. Bf3 dxe4 12. Nxe4 Qc7 13. Ne2 O-O 14. O-O Be6 15. Nc5 Bd5 16. f5 Bxf3 17. Rxf3 Rfd8 18. fxg6 hxg6 19. Bf4 Qa7 20. Be5 Nbd7 21. Nxd7 Rxd7 22. Kh1 c5 23. c3 Qb7 24. Qf4 cxd4 25. Nxd4 Qe4 26. Qxe4 Nxe4 27. Bxg7 Kxg7 28. Re1 Nd6 29. Rfe3 e6 30. Nc6 Nf5 31. Rf3 Rd2 32. Ref1 Ra2 33. g4 Nh6 34. a4 bxa4 35. bxa4 Rxa4 36. Ne5 Ra7 37. c4 Rc7 38. c5 Re4 39. Nd3 Rc4 40. Ra1 e5 41. Nxe5 R4xc5 42. Nd3 R5c6 43. Ra5 Rb6 44. Kg2 f6 45. Nf4 Rd6 46. g5 Rc2+ 47. Rf2 Rxf2+ 48. Kxf2 Nf5 49. Nh5+ gxh5 50. Rxf5 Kg6 51. Ra5 fxg5 52. Kg3 Kf7 53. h4 gxh4+ 54. Kxh4 Rh6 55. Kg5 Kg7 56. Rc5 Rb6 57. Rc7+ Kf8 58. Kxh5 Ke8 59. Kg4 Kd8 60. Ra7 Kc8 61. Kf3 Re6 62. Kf4 Kb8 63. Rd7 a5 64. Rd5 Ra6 65. Ke3 Kb7 66. Kd3 Kc6 67. Rh5 a4 68. Rh6+ 1/2-1/2

[Event "CZE-ch FIDE Open 2020"]
[Site "Kouty nad Desnou"]
[Date "2020.03.08"]
[Round "2.12"]
[White "Vaculik, Martin"]
[Black "Nguyen, Thai Dai Vinh"]
[Result "1/2-1/2"]
[ECO "B98"]
[WhiteElo "2268"]
[BlackElo "2018"]
[Annotator "ChessBase"]
[PlyCount "42"]
[EventDate "2020.03.07"]
[EventCountry "CZE"]
[SourceTitle "playchess.com"]
[Source "ChessBase"]
[SourceQuality "1"]
[TimeControl "5400+30"]

1. e4 c5 2. Nf3 d6 3. d4 cxd4 4. Nxd4 Nf6 5. Nc3 a6 6. Bg5 e6 7. f4 Be7 8. Qf3 Qc7 9. O-O-O h6 10. Bxf6 gxf6 11. f5 e5 12. Nd5 Qd8 13. Nb3 b6 14. Qg3 Bf8 15. Qc3 Kd7 16. Qb4 Kc6 17. Qc4+ Kb7 18. Na5+ bxa5 19. Qb3+ Ka7 20. Qe3+ Kb7 21. Qb3+ Ka7 1/2-1/2

[Event "CZE-ch FIDE Open 2020"]
[Site "Kouty nad Desnou"]
[Date "2020.03.08"]
[Round "2.13"]
[White "Tuma, Jan"]
[Black "Husa, Daniel"]
[Result "1/2-1/2"]
[ECO "B45"]
[WhiteElo "1993"]
[BlackElo "1814"]
[Annotator "ChessBase"]
[PlyCount "46"]
[EventDate "2020.03.07"]
[EventCountry "CZE"]
[SourceTitle "playchess.com"]
[Source "ChessBase"]
[SourceQuality "1"]
[TimeControl "5400+30"]

1. e4 c5 2. Ne2 e6 3. d4 cxd4 4. Nxd4 Nf6 5. Nc3 Nc6 6. g3 Bb4 7. Bg2 d5 8. exd5 Nxd5 9. Nxc6 bxc6 10. O-O O-O 11. Ne4 Ba6 12. Re1 Bxe1 13. Qxe1 Nb4 14. Bg5 Qb6 15. Qd2 Nd5 16. b3 f6 17. Bh4 Rad8 18. g4 e5 19. Bf3 Nf4 20. Qe1 Rd4 21. Qe3 Bb7 22. Re1 c5 23. Bg3 Ne6 1/2-1/2

[Event "CZE-ch FIDE Open 2020"]
[Site "Kouty nad Desnou"]
[Date "2020.03.08"]
[Round "2.14"]
[White "Zdechovsky, Tobias"]
[Black "Volaninova, Sarka"]
[Result "1/2-1/2"]
[ECO "A47"]
[WhiteElo "1922"]
[BlackElo "1689"]
[Annotator "ChessBase"]
[PlyCount "45"]
[EventDate "2020.03.07"]
[EventCountry "CZE"]
[SourceTitle "playchess.com"]
[Source "ChessBase"]
[SourceQuality "1"]
[TimeControl "5400+30"]

1. d4 Nf6 2. Bf4 e6 3. e3 b6 4. Nd2 Bb7 5. Ngf3 Be7 6. h3 O-O 7. Bd3 d6 8. O-O Nbd7 9. e4 c5 10. c3 Rc8 11. a4 Qc7 12. Qe2 Rfd8 13. Bh2 Nf8 14. e5 Ne8 15. a5 Ng6 16. axb6 axb6 17. Ne4 d5 18. Neg5 Nf8 19. h4 Ra8 20. Nd2 Rxa1 21. Rxa1 Ra8 22. Rxa8 Bxa8 23. f4 1/2-1/2

[Event "CZE-ch FIDE Open 2020"]
[Site "Kouty nad Desnou"]
[Date "2020.03.08"]
[Round "2.15"]
[White "Novotny, David"]
[Black "Vokoun, Tomas"]
[Result "1/2-1/2"]
[ECO "B80"]
[WhiteElo "1910"]
[BlackElo "1673"]
[Annotator "ChessBase"]
[PlyCount "109"]
[EventDate "2020.03.07"]
[EventCountry "CZE"]
[SourceTitle "playchess.com"]
[Source "ChessBase"]
[SourceQuality "1"]
[TimeControl "5400+30"]

1. e4 c5 2. Nc3 e6 3. Nf3 d6 4. d4 cxd4 5. Nxd4 Nf6 6. Bd3 Nbd7 7. O-O Be7 8. Be3 O-O 9. f4 a6 10. f5 e5 11. Nb3 b5 12. g4 b4 13. Nb1 Bb7 14. N1d2 d5 15. Qf3 dxe4 16. Nxe4 Kh8 17. Rae1 a5 18. Re2 a4 19. Nbd2 Nc5 20. g5 Nfxe4 21. Bxe4 Nxe4 22. Nxe4 Qd5 23. f6 gxf6 24. gxf6 Rg8+ 25. Kf2 Bf8 26. Ng5 Qxf3+ 27. Nxf3 Ra6 28. Nxe5 Rxf6+ 29. Ke1 Rxf1+ 30. Kxf1 Ba6 31. Nxf7+ Kg7 32. Nh6 Bd6 33. Nf5+ Kf6 34. Nxd6 Bxe2+ 35. Kxe2 Rg2+ 36. Kd3 Rxh2 37. Ne4+ Kf5 38. Nc5 a3 39. b3 h5 40. Ne4 h4 41. Bc5 Rh3+ 42. Kd4 Rh1 43. Bxb4 Ra1 44. Bxa3 Rxa2 45. Bd6 Rxc2 46. Ke3 Rb2 47. Nd2 Ke6 48. Bf4 Kd5 49. Kf3 Kc5 50. Kg4 Kb4 51. Bd6+ Kb5 52. Bf4 Kb4 53. Bd6+ Kb5 54. Nf3 Rxb3 55. Nd4+ 1/2-1/2

[Event "CZE-ch FIDE Open 2020"]
[Site "Kouty nad Desnou"]
[Date "2020.03.09"]
[Round "3.2"]
[White "Dejmal, Ondrej"]
[Black "Pycha, Patrik"]
[Result "0-1"]
[ECO "C01"]
[WhiteElo "1757"]
[BlackElo "2024"]
[Annotator "ChessBase"]
[PlyCount "58"]
[EventDate "2020.03.07"]
[EventCountry "CZE"]
[SourceTitle "playchess.com"]
[Source "ChessBase"]
[SourceQuality "1"]
[TimeControl "5400+30"]

1. e4 e6 2. d4 d5 3. exd5 exd5 4. c4 Nf6 5. Nf3 Bb4+ 6. Nc3 O-O 7. Be2 dxc4 8. Bxc4 Re8+ 9. Be3 Be6 10. Bxe6 Rxe6 11. O-O Nbd7 12. Qb3 a5 13. Rad1 Nb6 14. a3 Bxc3 15. bxc3 a4 16. Qa2 Nbd5 17. Bd2 Ne4 18. Qc2 Qe7 19. c4 Nxd2 20. Rxd2 Nf4 21. d5 Rg6 22. g3 Qxa3 23. Qe4 Nh3+ 24. Kg2 f5 25. Qh4 Rh6 26. Qd4 Re8 27. Nh4 Re4 28. Qd3 Qxd3 29. Rxd3 Rexh4 0-1

[Event "CZE-ch FIDE Open 2020"]
[Site "Kouty nad Desnou"]
[Date "2020.03.09"]
[Round "3.4"]
[White "Sikorova, Olga"]
[Black "Broz, Jan"]
[Result "1-0"]
[ECO "A36"]
[WhiteElo "2199"]
[BlackElo "1481"]
[Annotator "ChessBase"]
[PlyCount "71"]
[EventDate "2020.03.07"]
[EventCountry "CZE"]
[SourceTitle "playchess.com"]
[Source "ChessBase"]
[SourceQuality "1"]
[TimeControl "5400+30"]

1. c4 Nf6 2. g3 c5 3. Bg2 g6 4. Nc3 Bg7 5. e4 d6 6. Nge2 O-O 7. O-O Nc6 8. d3 Bg4 9. f3 Bd7 10. h3 Ne8 11. f4 f5 12. Be3 Nc7 13. d4 cxd4 14. Nxd4 Ne6 15. Nxc6 bxc6 16. exf5 gxf5 17. Qd2 a6 18. b3 Rb8 19. Rad1 Kh8 20. Na4 c5 21. Nc3 Nd4 22. Kh2 Qe8 23. Nd5 e6 24. Rfe1 Qc8 25. Nc3 Qc7 26. Ne2 e5 27. Nc3 Bc6 28. Bxd4 cxd4 29. Bxc6 dxc3 30. Qxd6 Qxd6 31. Rxd6 Rbd8 32. c5 e4 33. Kg2 Bd4 34. b4 Be3 35. Rxe3 Rb8 36. a3 1-0

[Event "CZE-ch FIDE Open 2020"]
[Site "Kouty nad Desnou"]
[Date "2020.03.09"]
[Round "3.9"]
[White "Ptacek, Jan"]
[Black "Zamecnik, Jan"]
[Result "1-0"]
[ECO "B38"]
[WhiteElo "1911"]
[BlackElo "1850"]
[Annotator "ChessBase"]
[PlyCount "65"]
[EventDate "2020.03.07"]
[EventCountry "CZE"]
[SourceTitle "playchess.com"]
[Source "ChessBase"]
[SourceQuality "1"]
[TimeControl "5400+30"]

1. e4 c5 2. Nf3 Nc6 3. c4 g6 4. d4 cxd4 5. Nxd4 Bg7 6. Be3 d6 7. Nc3 Nf6 8. Be2 O-O 9. O-O a6 10. f3 Bd7 11. Qd2 Nxd4 12. Bxd4 Qa5 13. Rfd1 Kh8 14. Rab1 Rfc8 15. Qe3 Qd8 16. Bxf6 Bxf6 17. Nd5 Bg7 18. Nb6 Rab8 19. Nxc8 Rxc8 20. b4 Be6 21. Rbc1 Qf8 22. Qb6 Bh6 23. Rc2 Rc6 24. Qd4+ Bg7 25. Qf2 Qc8 26. Rdc1 Bh6 27. f4 f5 28. Bd3 Qf8 29. Re1 Qf7 30. exf5 gxf5 31. Qe2 d5 32. c5 Bxf4 33. b5 1-0

[Event "CZE-ch FIDE Open 2020"]
[Site "Kouty nad Desnou"]
[Date "2020.03.09"]
[Round "3.10"]
[White "Kucera, Tomas"]
[Black "Merinsky, Vaclav"]
[Result "1-0"]
[ECO "A39"]
[WhiteElo "1985"]
[BlackElo "1764"]
[Annotator "ChessBase"]
[PlyCount "77"]
[EventDate "2020.03.07"]
[EventCountry "CZE"]
[SourceTitle "playchess.com"]
[Source "ChessBase"]
[SourceQuality "1"]
[TimeControl "5400+30"]

1. c4 c5 2. Nc3 Nc6 3. Nf3 Nf6 4. g3 g6 5. Bg2 Bg7 6. d4 cxd4 7. Nxd4 O-O 8. O-O Qb6 9. Nb3 d6 10. Nd5 Nxd5 11. cxd5 Na5 12. Be3 Qa6 13. Bd4 Nxb3 14. axb3 Qb5 15. Bxg7 Kxg7 16. Qd4+ Kg8 17. Qe3 Re8 18. Rfc1 Bg4 19. Rc4 Bf5 20. Rac1 Qb6 21. Qxb6 axb6 22. Rc7 Rac8 23. h4 b5 24. R1c3 Ra8 25. Rxb7 Ra1+ 26. Kh2 Rb1 27. e4 Bg4 28. f3 Bc8 29. Rbc7 Ba6 30. R3c6 Ra8 31. Rxe7 Rxb2 32. Rxd6 Bc8 33. Rd8+ Kg7 34. Ree8 Raa2 35. Rxc8 Rxg2+ 36. Kh3 f5 37. g4 f4 38. Rc7+ Kf6 39. e5# 1-0

[Event "CZE-ch FIDE Open 2020"]
[Site "Kouty nad Desnou"]
[Date "2020.03.09"]
[Round "3.12"]
[White "Nguyen, Thai Dai Vinh"]
[Black "Kosut, Tomas"]
[Result "1/2-1/2"]
[ECO "B78"]
[WhiteElo "2018"]
[BlackElo "1878"]
[Annotator "ChessBase"]
[PlyCount "64"]
[EventDate "2020.03.07"]
[EventCountry "CZE"]
[SourceTitle "playchess.com"]
[Source "ChessBase"]
[SourceQuality "1"]
[TimeControl "5400+30"]

1. e4 c5 2. Nf3 d6 3. d4 cxd4 4. Nxd4 Nf6 5. Nc3 g6 6. Be3 Bg7 7. f3 O-O 8. Qd2 Nc6 9. Bc4 Bd7 10. O-O-O Ne5 11. Bb3 Rb8 12. h4 b5 13. h5 Nc4 14. Bxc4 bxc4 15. Bh6 Qb6 16. b3 cxb3 17. axb3 Qa5 18. Kb2 Bxh6 19. Qxh6 Rfc8 20. Nde2 Be6 21. hxg6 fxg6 22. Nd5 Bxd5 23. exd5 Qc5 24. Qd2 a5 25. Nc3 Rc7 26. Qd4 Rbc8 27. Qxc5 Rxc5 28. Rd3 Nd7 29. f4 Nf6 30. Rc1 Kf7 31. Rcd1 Ng4 32. R1d2 Nf6 1/2-1/2

[Event "CZE-ch FIDE Open 2020"]
[Site "Kouty nad Desnou"]
[Date "2020.03.09"]
[Round "3.15"]
[White "Hradek, Matyas"]
[Black "Novotny, David"]
[Result "0-1"]
[ECO "C01"]
[WhiteElo "1508"]
[BlackElo "1910"]
[Annotator "ChessBase"]
[PlyCount "85"]
[EventDate "2020.03.07"]
[EventCountry "CZE"]
[SourceTitle "playchess.com"]
[Source "ChessBase"]
[SourceQuality "1"]
[TimeControl "5400+30"]

1. e4 e6 2. d4 d5 3. exd5 exd5 4. Nf3 Bd6 5. Bd3 Nc6 6. c3 Nge7 7. Bg5 f6 8. Bh4 Bf5 9. O-O Qd7 10. Re1 O-O-O 11. a4 Ng6 12. Na3 Nf4 13. Bf1 h5 14. Bg3 g5 15. h4 Rhg8 16. Nb5 Nh3+ 17. gxh3 Bxg3 18. fxg3 gxh4 19. Nxh4 a6 20. Qf3 Be4 21. Rxe4 dxe4 22. Qxe4 axb5 23. axb5 Nb8 24. Nf5 Rde8 25. Qf4 Rg5 26. Bd3 Qe6 27. Ng7 Qe3+ 28. Qxe3 Rxe3 29. Bf5+ Rxf5 30. Nxf5 Re2 31. Ra2 c6 32. bxc6 Nxc6 33. Kf1 Rh2 34. h4 Kd7 35. Ng7 Ne7 36. Nxh5 Ke6 37. Nf4+ Kf5 38. Ra5+ Kg4 39. Rb5 Nf5 40. Ke1 Ne3 41. Rxb7 Kf3 42. d5 Rh1+ 43. Kd2 0-1

[Event "CZE-ch FIDE Open 2020"]
[Site "Kouty nad Desnou"]
[Date "2020.03.09"]
[Round "4.1"]
[White "Pycha, Patrik"]
[Black "Bares, Jachym"]
[Result "0-1"]
[ECO "C54"]
[WhiteElo "2024"]
[BlackElo "2119"]
[Annotator "NA"]
[PlyCount "92"]
[EventDate "2020.03.07"]
[EventCountry "CZE"]
[SourceTitle "playchess.com"]
[Source "ChessBase"]
[SourceQuality "1"]
[TimeControl "5400+30"]

1. e4 e5 2. Nf3 Nc6 3. Bc4 Nf6 4. d3 Bc5 5. O-O d6 6. c3 a6 7. Bb3 Ba7 8. Re1 O-O 9. h3 h6 10. Nbd2 Nh5 11. Nf1 Qf6 12. Ne3 Nf4 13. Ng4 {[%emt 0:00:52] is now more promising than 13.Nd5. C54: Giuoco Piano: 4 c3 Nf6, main lines with 5 d4 and 5 d3.} Qg6 14. Bxf4 exf4 {[%emt 0:00:02] [#]} 15. e5 $146 ({Predecessor:} 15. d4 Bxg4 16. hxg4 Qxg4 17. a4 Ne7 18. Qd3 Rad8 19. Bc2 Ng6 20. e5 dxe5 21. Nxe5 {1-0 (55) Andriasian,Z (2585)-Kovalev,V (2639) Katowice 2017}) 15... h5 16. Nh4 Qh7 17. Nh2 g5 18. exd6 gxh4 19. d4 cxd6 20. Nf3 Bf5 21. Qd2 Qh6 22. Nxh4 Bh7 23. Nf3 Rae8 24. h4 Qf6 25. Ng5 Bg6 26. Bd5 Bb6 27. g3 fxg3 28. fxg3 Nxd4 29. cxd4 Qxd4+ 30. Qxd4 Bxd4+ 31. Kh2 Bxb2 32. Rxe8 Rxe8 $19 33. Rf1 Re7 34. Rf2 Bd4 35. Rf4 Be3 36. Rf6 Kg7 37. Rxd6 Bxg5 38. hxg5 Re2+ 39. Kg1 Rd2 40. Rd7 Rd3 41. Be6 Rxd7 42. Bxd7 Bb1 43. a3 Kg6 44. Kf2 Kxg5 45. Ke3 Bf5 46. Be8 Be6 0-1

[Event "CZE-ch FIDE Open 2020"]
[Site "Kouty nad Desnou"]
[Date "2020.03.09"]
[Round "4.4"]
[White "Slepov, Kyryl"]
[Black "Kucera, Tomas"]
[Result "1-0"]
[ECO "B36"]
[WhiteElo "1973"]
[BlackElo "1985"]
[Annotator "ChessBase"]
[PlyCount "99"]
[EventDate "2020.03.07"]
[EventCountry "CZE"]
[SourceTitle "playchess.com"]
[Source "ChessBase"]
[SourceQuality "1"]
[TimeControl "5400+30"]

1. e4 c5 2. Nf3 Nc6 3. c4 g6 4. d4 cxd4 5. Nxd4 Nxd4 6. Qxd4 Nf6 7. Nc3 d6 8. Be2 Bg7 9. O-O O-O 10. Qe3 Be6 11. Bd2 Nd7 12. f4 Qb6 13. Qxb6 Nxb6 14. b3 Bd4+ 15. Kh1 f5 16. Bf3 fxe4 17. Bxe4 Rab8 18. Rae1 Bd7 19. a4 e5 20. a5 Na8 21. Ne2 Nc7 22. Nxd4 exd4 23. Bb4 Rf6 24. Rd1 Bc6 25. Rxd4 Ne6 26. Bd5 Bxd5 27. Rxd5 Nxf4 28. Rxd6 Rbf8 29. Rxf6 Rxf6 30. g3 Nd5 31. Rxf6 Nxf6 32. Kg2 Kf7 33. Kf3 Ke6 34. Bc3 Nd7 35. Bd4 a6 36. Ke4 Nb8 37. b4 Nc6 38. Bc3 Ne7 39. g4 Ng8 40. Kd4 Nf6 41. g5 Nd7 42. Bd2 Ne5 43. Kc5 Kd7 44. Kd5 Nf3 45. Bf4 Ne1 46. Ke4 Ke6 47. h3 Nc2 48. Bd2 Na3 49. Kd3 Kf5 50. Bc1 1-0

[Event "CZE-ch FIDE Open 2020"]
[Site "Kouty nad Desnou"]
[Date "2020.03.09"]
[Round "4.5"]
[White "Glozar, Petr"]
[Black "Lukas, Frantisek"]
[Result "1-0"]
[ECO "D27"]
[WhiteElo "1918"]
[BlackElo "1852"]
[Annotator "ChessBase"]
[PlyCount "41"]
[EventDate "2020.03.07"]
[EventCountry "CZE"]
[SourceTitle "playchess.com"]
[Source "ChessBase"]
[SourceQuality "1"]
[TimeControl "5400+30"]

1. d4 d5 2. c4 dxc4 3. e3 Nf6 4. Bxc4 e6 5. Nc3 c5 6. Nf3 a6 7. a4 Nc6 8. O-O cxd4 9. exd4 Be7 10. Be3 O-O 11. Rc1 Nb4 12. Qb3 Nbd5 13. Bg5 Nxc3 14. Rxc3 b6 15. Ne5 Qd6 16. Be2 Rb8 17. Nc6 Ra8 18. Bf3 Bb7 19. Bf4 Qd7 20. Nxe7+ Qxe7 21. Rc7 1-0

[Event "CZE-ch FIDE Open 2020"]
[Site "Kouty nad Desnou"]
[Date "2020.03.09"]
[Round "4.6"]
[White "Zdechovsky, Tobias"]
[Black "Dejmal, Ondrej"]
[Result "1/2-1/2"]
[ECO "C54"]
[WhiteElo "1922"]
[BlackElo "1757"]
[Annotator "ChessBase"]
[PlyCount "21"]
[EventDate "2020.03.07"]
[EventCountry "CZE"]
[SourceTitle "playchess.com"]
[Source "ChessBase"]
[SourceQuality "1"]
[TimeControl "5400+30"]

1. e4 e5 2. Nf3 Nc6 3. Bc4 Bc5 4. d3 h6 5. c3 Nf6 6. O-O d6 7. a4 a6 8. Be3 O-O 9. Nbd2 Bxe3 10. fxe3 Be6 11. Bxe6 1/2-1/2

[Event "CZE-ch FIDE Open 2020"]
[Site "Kouty nad Desnou"]
[Date "2020.03.09"]
[Round "4.7"]
[White "Stastny, Jakub"]
[Black "Brazdil, Roman"]
[Result "0-1"]
[ECO "D36"]
[WhiteElo "1917"]
[BlackElo "2116"]
[Annotator "ChessBase"]
[PlyCount "76"]
[EventDate "2020.03.07"]
[EventCountry "CZE"]
[SourceTitle "playchess.com"]
[Source "ChessBase"]
[SourceQuality "1"]
[TimeControl "5400+30"]

1. d4 Nf6 2. c4 e6 3. Nc3 d5 4. cxd5 exd5 5. Bg5 Be7 6. e3 c6 7. Qc2 O-O 8. Bd3 Nbd7 9. Nf3 h6 10. Bh4 Re8 11. O-O Ne4 12. Bxe7 Qxe7 13. Rab1 Ndf6 14. b4 a6 15. a4 Bf5 16. Rfc1 Nxc3 17. Qxc3 Be4 18. Ne5 Bxd3 19. Qxd3 Ne4 20. Nf3 Nd6 21. Nd2 Rec8 22. h3 g6 23. Rc2 Kg7 24. Rbc1 Re8 25. Re1 Rac8 26. Nb3 Nc4 27. Nc5 Ra8 28. Qb3 b6 29. Nd3 a5 30. Ne5 Nxe5 31. dxe5 Qxb4 32. Qxb4 axb4 33. Rxc6 Rxa4 34. Rxb6 Rxe5 35. Rb1 Re4 36. Kf1 Rc4 37. Rd1 Ra2 38. Rb5 Rcc2 0-1

[Event "CZE-ch FIDE Open 2020"]
[Site "Kouty nad Desnou"]
[Date "2020.03.09"]
[Round "4.8"]
[White "Vokoun, Tomas"]
[Black "Kubicek, Antonin"]
[Result "0-1"]
[ECO "B09"]
[WhiteElo "1673"]
[BlackElo "2113"]
[Annotator "ChessBase"]
[PlyCount "40"]
[EventDate "2020.03.07"]
[EventCountry "CZE"]
[SourceTitle "playchess.com"]
[Source "ChessBase"]
[SourceQuality "1"]
[TimeControl "5400+30"]

1. e4 d6 2. d4 Nf6 3. Nc3 g6 4. f4 Bg7 5. Nf3 O-O 6. Be2 c6 7. O-O b5 8. a3 a6 9. h3 Nbd7 10. Be3 Nb6 11. b3 d5 12. e5 Ne4 13. Nxe4 dxe4 14. Nd2 Nd5 15. Kf2 f6 16. c4 fxe5 17. cxd5 exd4 18. Ke1 dxe3 19. Nxe4 cxd5 20. Rc1 dxe4 0-1

[Event "CZE-ch FIDE Open 2020"]
[Site "Kouty nad Desnou"]
[Date "2020.03.09"]
[Round "4.9"]
[White "Tuma, Jan"]
[Black "Dedek, Jan"]
[Result "1-0"]
[ECO "B33"]
[WhiteElo "1993"]
[BlackElo "1551"]
[Annotator "ChessBase"]
[PlyCount "35"]
[EventDate "2020.03.07"]
[EventCountry "CZE"]
[SourceTitle "playchess.com"]
[Source "ChessBase"]
[SourceQuality "1"]
[TimeControl "5400+30"]

1. e4 c5 2. Nf3 Nc6 3. d4 cxd4 4. Nxd4 Nf6 5. Nc3 e5 6. Ndb5 d6 7. Nd5 Nxd5 8. exd5 Nb8 9. c4 Be7 10. g3 f5 11. Bg2 O-O 12. O-O a6 13. Nc3 Nd7 14. b3 f4 15. Ne4 Nf6 16. Bb2 Nxe4 17. Bxe4 Bh3 18. Qh5 1-0

[Event "CZE-ch FIDE Open 2020"]
[Site "Kouty nad Desnou"]
[Date "2020.03.09"]
[Round "4.10"]
[White "Novotny, David"]
[Black "Klubal, Jiri"]
[Result "1-0"]
[ECO "B08"]
[WhiteElo "1910"]
[BlackElo "1935"]
[Annotator "ChessBase"]
[PlyCount "99"]
[EventDate "2020.03.07"]
[EventCountry "CZE"]
[SourceTitle "playchess.com"]
[Source "ChessBase"]
[SourceQuality "1"]
[TimeControl "5400+30"]

1. d4 Nf6 2. Nf3 g6 3. Nc3 Bg7 4. e4 d6 5. h3 O-O 6. Bf4 c6 7. Qd2 Re8 8. Be2 Qa5 9. O-O Nbd7 10. Rab1 a6 11. b4 Qc7 12. a4 e5 13. dxe5 dxe5 14. Bh6 Nf8 15. Bxg7 Kxg7 16. Rfd1 Nh5 17. b5 Nf4 18. Bf1 cxb5 19. axb5 Bd7 20. bxa6 bxa6 21. Nd5 Nxd5 22. exd5 Ba4 23. Rdc1 Nd7 24. Qb4 Nc5 25. Ra1 Rab8 26. Qc3 Bb5 27. Ra5 Qd6 28. Bxb5 axb5 29. Qb4 Qxd5 30. c4 Nd3 31. Qa3 Qe4 32. Ra7 Nxc1 33. Rxf7+ Kh8 34. Rxh7+ Kxh7 35. Ng5+ Kg7 36. Nxe4 Ne2+ 37. Kf1 Nf4 38. Qa7+ Kh6 39. Kg1 Ra8 40. Qd7 bxc4 41. Nf6 Rf8 42. Ng4+ Kg5 43. Qe7+ Kh5 44. Qh7+ Kg5 45. Qe7+ Kh5 46. Qxe5+ Rf5 47. Qg7 Ne2+ 48. Kh2 Kh4 49. Qh6+ Rh5 50. g3+ 1-0

[Event "CZE-ch FIDE Open 2020"]
[Site "Kouty nad Desnou"]
[Date "2020.03.09"]
[Round "4.11"]
[White "Kosut, Tomas"]
[Black "Broz, Jan"]
[Result "1-0"]
[ECO "B12"]
[WhiteElo "1878"]
[BlackElo "1481"]
[Annotator "NA"]
[PlyCount "53"]
[EventDate "2020.03.07"]
[EventCountry "CZE"]
[SourceTitle "playchess.com"]
[Source "ChessBase"]
[SourceQuality "1"]
[TimeControl "5400+30"]

1. e4 c6 2. d4 d5 3. e5 Bf5 4. Bd3 Bxd3 5. Qxd3 e6 6. f4 Nd7 7. Nf3 $11 c5 8. c3 cxd4 9. cxd4 Ne7 10. O-O Nc6 11. a3 Be7 12. Nc3 O-O 13. Ng5 Bxg5 14. fxg5 Qe7 15. Bd2 a6 16. Rae1 Nb6 17. Rf3 Qc7 18. Rh3 g6 19. Qg3 Kg7 20. Qf4 Rh8 21. Nd1 Nd7 22. Nf2 Ne7 23. Bb4 Ng8 24. Rf3 Nb8 25. Ng4 Nc6 26. Nh6 Nd8 27. Ref1 1-0

[Event "CZE-ch FIDE Open 2020"]
[Site "Kouty nad Desnou"]
[Date "2020.03.09"]
[Round "4.12"]
[White "Sochorova, Petra"]
[Black "Kanka, Lukas"]
[Result "1-0"]
[ECO "B01"]
[WhiteElo "2119"]
[BlackElo "1618"]
[Annotator "ChessBase"]
[PlyCount "95"]
[EventDate "2020.03.07"]
[EventCountry "CZE"]
[SourceTitle "playchess.com"]
[Source "ChessBase"]
[SourceQuality "1"]
[TimeControl "5400+30"]

1. e4 d5 2. exd5 Qxd5 3. Nc3 Qa5 4. d4 Nf6 5. Bd2 Bg4 6. f3 Bf5 7. Bc4 Qb6 8. Nge2 e6 9. O-O Bd6 10. Bb3 c6 11. Be1 Nbd7 12. Ng3 Bg6 13. Nce4 Bf4 14. Bf2 Qc7 15. Re1 Nxe4 16. fxe4 O-O 17. Qf3 a5 18. a4 b5 19. h4 h6 20. Ne2 Bd2 21. Red1 Bb4 22. c3 Be7 23. Nf4 Bh7 24. e5 Kh8 25. Qg3 g5 26. Nh5 Rg8 27. Qf3 Raf8 28. axb5 cxb5 29. d5 Nxe5 30. Bd4 f6 31. Qe2 Bf5 32. Ng3 Bg4 33. Bxe5 Qc5+ 34. Bd4 Bxe2 35. Bxc5 Bxc5+ 36. Kh1 Bxd1 37. Rxd1 gxh4 38. Ne4 Bb6 39. dxe6 h3 40. gxh3 Rg7 41. Nd6 Rg3 42. e7 Rb8 43. e8=Q+ Rxe8 44. Nxe8 Rxh3+ 45. Kg2 Re3 46. Nxf6 Re2+ 47. Kh3 Rxb2 48. Rd7 1-0

[Event "CZE-ch FIDE Open 2020"]
[Site "Kouty nad Desnou"]
[Date "2020.03.09"]
[Round "4.13"]
[White "Zamecnik, Jan"]
[Black "Nguyen, Thai Dai Vinh"]
[Result "1/2-1/2"]
[ECO "D11"]
[WhiteElo "1850"]
[BlackElo "2018"]
[Annotator "ChessBase"]
[PlyCount "81"]
[EventDate "2020.03.07"]
[EventCountry "CZE"]
[SourceTitle "playchess.com"]
[Source "ChessBase"]
[SourceQuality "1"]
[TimeControl "5400+30"]

1. d4 Nf6 2. Nf3 d5 3. g3 Bf5 4. Bg2 c6 5. O-O h6 6. c4 e6 7. Ne5 Nbd7 8. Nc3 Nxe5 9. dxe5 Nd7 10. cxd5 exd5 11. f4 Qb6+ 12. Kh1 O-O-O 13. Na4 Qb4 14. a3 Qc4 15. b3 Qc2 16. Be3 Qxd1 17. Rfxd1 Bc2 18. Rdc1 Bxb3 19. Nb2 a5 20. a4 Bb4 21. Nd3 Be7 22. Bd2 Bc4 23. Bxa5 b6 24. Bb4 c5 25. Be1 Kc7 26. g4 g5 27. Bg3 h5 28. fxg5 h4 29. Bf4 Bxd3 30. exd3 Kc6 31. d4 Nf8 32. a5 Ne6 33. Be3 h3 34. Bf3 Nxg5 35. dxc5 bxa5 36. Bd1 d4 37. Bd2 Rd5 38. Bxg5 Bxg5 39. Ba4+ Kc7 40. Rf1 Rf8 41. Rf5 1/2-1/2